 Dungeon Crawl Stone Soup version 0.22-a0-117-g314b907 (webtiles) character file.

32 galech the Ruffian (level 3, -29/36 HPs)
             Began as a Troll Monk on Jan 29, 2018.
             Annihilated by an ogre
             ... wielding a +0 giant club
              (32 damage)
             ... on level 2 of the Dungeon.
             The game lasted 00:01:23 (983 turns).

galech the Ruffian (Troll Monk)                      Turns: 983, Time: 00:01:23

Health: -29/36     AC:  5    Str: 20    XL:     3   Next: 8%
Magic:  2/2        EV: 10    Int:  6    God:
Gold:   77         SH:  0    Dex: 12    Spells: 2/2 levels left

rFire    . . .     SeeInvis .     - Unarmed
rCold    . . .     Gourm    +   (no shield)
rNeg     . . .     Faith    .   a - +0 robe
rPois    .         Spirit   .   f - +0 hat
rElec    .         Reflect  .   (no cloak)
rCorr    .         Harm     .   (gloves unavailable)
MR       .....                  (boots unavailable)
Stlth    ++........             (no amulet)
HPRegen  0.52/turn              (no ring)
MPRegen  0.08/turn              (no ring)

@: no status effects
A: large, unfitting armour, claws 3, fast metabolism 3, gourmand, regeneration
1, shaggy fur 1, tough skin 2
a: no special abilities


You were on level 2 of the Dungeon.
You were very full.

You visited 1 branch of the dungeon, and saw 2 of its levels.

You collected 77 gold pieces.

Inventory:

Armour
 a - a +0 robe (worn)
 f - a +0 hat (worn)
Scrolls
 c - 2 scrolls of amnesia {unknown}
 g - a scroll of enchant weapon {unknown}
 j - a scroll of teleportation {unknown}
Potions
 e - a potion of agility {unknown}
 h - a potion of invisibility {unknown}
 i - a potion of heal wounds {unknown}
Comestibles
 b - 2 rations
 d - 7 chunks of flesh


   Skills:
 + Level 2.7 Fighting
 - Level 2.7 Dodging
 - Level 1.0 Stealth
 * Level 3.5 Unarmed Combat


You had 2 spell levels left.
You didn't know any spells.

Dungeon Overview and Level Annotations

Branches:
Dungeon (2/15)

Altars:


Innate Abilities, Weirdness & Mutations

You are too large for most types of armour.
You have claws for hands.
Your metabolism is lightning-fast.
You like to eat raw meat.
Your natural rate of healing is unusually fast.
You are covered in fur. (AC +1)
You have very tough skin. (AC +2)


Message History

You claw the ogre!
The ogre is severely wounded.
The ogre hits you but does no damage.
You barely miss the ogre.
The ogre is severely wounded.
The ogre closely misses you.
You barely miss the ogre.
The ogre is severely wounded.
The ogre barely misses you.
You barely miss the ogre.
The ogre is severely wounded.
You barely miss the ogre.
The ogre is severely wounded.
The ogre hits you with a giant club.
* * * LOW HITPOINT WARNING * * *
You scratch the ogre but do no damage.
The ogre is severely wounded.
The ogre hits you with a giant club!!
Ouch! That really hurt!
You die...

#...........#.#######.#.#
#.#....##.#.#.#.......#.#
.........#.#.#.#.#######.##
.....####.#.#.#.#..........#
.....+......#.#.#..#########
.[####.###.#.#..#
#...........#.#..#
...####.#.#.#....# #.#@#
###### ..#O# ####r# ... #.#
#.# #.# #.#


You could see an ogre and a rat.

Vanquished Creatures
  A dart slug (D:1)
  A leopard gecko (D:2)
  2 ball pythons
  A giant cockroach (D:1)
  4 goblins (D:1)
  4 hobgoblins
  2 kobolds (D:1)
  7 bats
  A frilled lizard (D:1)
  4 rats (D:1)
27 creatures vanquished.

Notes
Turn   | Place    | Note
-------+----------+-------------------------------------------
     0 | D:1      | galech the Troll Monk began the quest for the Orb.
     0 | D:1      | Reached XP level 1. HP: 22/22 MP: 0/0
   144 | D:1      | Reached XP level 2. HP: 29/29 MP: 1/1
   895 | D:2      | Reached XP level 3. HP: 36/36 MP: 2/2
   970 | D:2      | Noticed an ogre
   983 | D:2      | Annihilated by an ogre

Vault maps used:
D:1:      arrival_zaba_pyramid
D:2:      first_ration

Action                   || total
-------------------------++-------
Melee: Unarmed           ||    92
       Punch             ||     2
 Stab: Sleeping          ||     1
  Eat: Chunk             ||    14
Armor: Robe              ||    45
Dodge: Dodged            ||    55

Table legend:
 A = Spawn XP
 B = Non-spawn XP
 C = Spawn XP percentage of total XP
 D = Spawn monster count
 E = Non-spawn monster count
 F = Spawn count percentage of total count
 G = Total turns spent on level
                    A         B        C        D         E        F      G
               +---------+---------+-------+---------+---------+-------+---------
         Total |       0 |      46 |   0.0 |       0 |      27 |   0.0 |   983
               +---------+---------+-------+---------+---------+-------+---------
           D:1 |       0 |      36 |   0.0 |       0 |      22 |   0.0 |   849
           D:2 |       0 |      10 |   0.0 |       0 |       5 |   0.0 |   134
               +---------+---------+-------+---------+---------+-------+---------
